Ocean, chaotic male elven Priest ---- --- --------..-- |. --.|.|......| -- |.| |..........-- . |.| --........-- ---- - .-- |.| |........| ---..---....-- |.| --...-..-- ---- --............| |.| --.....-----..| |.......... |.| |......||.....--|.@%..- |.| --.....--......--.q..%--------- |.| --.................%..........| |.| |..........---.....----------.--- |.| --.|......-- |.....| |...------.| -----....| |.....| ---........| ------ --.---- |..---...-- --- ---- |....| ---.-- --- Ocean the Acolyte Experience level: 4 Strength: 17 Dexterity: 11 Constitution: 10 Intelligence: 9 Wisdom: 19 Charisma: 10 Health: 0(33) Energy: 54(54) Def: 5 Gold: 81 Moves: 908 Dungeon seed: sESFLbycZN8rL7Ki Game ID: Ocean_1614626012 Your Inventory: Coins $ - 81 gold pieces Weapons a - a blessed +1 mace (weapon in hand) k - 9 +0 darts (in quiver) p - 6 +0 daggers u - a +0 battle-axe Armor e - a blessed +0 robe (being worn) n - a +0 small shield r - a +0 small shield (being worn) z - a +0 dwarvish cloak N - a +0 pair of iron shoes (being worn) Y - a +0 dwarvish cloak Comestibles c - a clove of garlic d - a sprig of wolfsbane j - 2 fortune cookies Scrolls s - a scroll of teleportation Spellbooks f - a spellbook of identify g - a spellbook of healing Potions b - 4 potions of holy water Tools h - a magic marker (0:87) i - a bell l - 3 tallow candles (0:200) m - a partly used tallow candle (lit) (0:26) o - a +0 pick-axe t - a blessed tallow candle (0:200) Gems q - 2 worthless pieces of green glass y - a worthless piece of orange glass Spells and supernatural/magical abilities: Name Level Category Fail Memory h - healing 1 healing 0% 96% I - identify 3 divination 70% 96% W - pray for help -- divine ? -- X - turn undead -- divine ? -- Your skills at the end: Fighting Skills Weapon Skills mace [Basic] Spellcasting Skills clerical spells [Basic] Final Attributes: You were piously aligned. You were sleep resistant. You had infravision. You were lucky. You are dead. Vanquished creatures: 2 gnome lords 2 elf zombies 3 dwarves a rothe 6 gnomes a fox a goblin 6 grid bugs 2 lichens 24 creatures vanquished. Voluntary challenges: You used a wielded weapon 30 times, starting on turn 146. You were illiterate. You never genocided any monsters. You never polymorphed an object. You never changed form. You used no wishes. You never split a pudding. You never wrote Elbereth's name. You never violated your personal moral code. Dungeon overview: The Dungeons of Doom: levels 1 to 2 Level 1 a long staircase Level 2 stairs to The Gnomish Mines The Gnomish Mines: levels 3 to 4 Level 3 stairs to The Dungeons of Doom Level 4 <- You were here History has recorded: On T:1 you entered the Dungeons of Doom to retrieve the Amulet of Yendor! On T:69 you reached level 2 of The Dungeons of Doom. On T:451 you advanced to experience level 2. On T:728 you reached level 1 of The Gnomish Mines. On T:737 you advanced to experience level 3. On T:796 you reached level 2 of The Gnomish Mines. On T:827 you advanced to experience level 4. Score breakdown: Gold: 81 ( 6510 points) Experience: 4 levels ( 9649 points) Exploration: 4 levels ( 7.84%) ( 7348 points) Discoveries: 1 item ( 0.35%) ( 1770 points) Valuables value: (no points given unless you survive) Artifact value: 0 ( 0 points) Variety of kills: 9 monsters ( 2.36%) ( 4610 points) Turncount: 908 turns ( 0 points) Survival: died (score multiplied by 80%) Total score: 23909 Latest messages: You see here a dagger. p - a dagger. The rothe hits! The rothe bites! (2x) You begin praying to Loki. You are surrounded by a shimmering light. The rothe starts to attack you, but pulls back. (4x) You feel that Loki is well-pleased. You feel much better. You hit the rothe. The rothe hits! The rothe bites! (2x) The rothe hits! The rothe bites! (2x) You miss the rothe. The rothe hits! The rothe bites! (2x) The rothe hits! The rothe bites! The rothe misses. You kill the rothe! You hit the rothe! The rothe hits! The rothe bites! (2x) You die... Final status: Goodbye Ocean the Priest, killed by a rothe... You died in The Gnomish Mines on dungeon level 4 with 23909 points, and 81 pieces of gold, after 908 moves. You were level 4 with a maximum of 33 hit points when you died.